 Dungeon Crawl Stone Soup version 0.31-a0-986-g5e6e4ef867 (webtiles) character file.

Game seed: 3241286841663507685

114 2FriedEggs the Magician (level 4, 0/27 HPs)
             Began as an Octopode Earth Elementalist on Nov 14, 2023.
             Constricted to death by Ijyb (5 damage)
             ... on level 4 of the Dungeon.
             The game lasted 00:07:40 (2861 turns).

2FriedEggs the Magician (OpEE)                      Turns: 2861, Time: 00:07:41

Health: 0/27       AC:  1    Str:  7    XL:     4   Next: 97%
Magic:  9/10       EV: 10    Int: 19    God:
Gold:   209        SH:  0    Dex: 12    Spells: 6/12 levels left

rFire   . . .        j - +4 dagger
rCold   . . .        g - orb {light}
rNeg    . . .        (helmet restricted)
rPois   .            (no amulet)
rElec   .            (no ring)
rCorr   .            (no ring)
SInv    .            (no ring)
Will    .....        (no ring)
Stlth   +            (no ring)
HPRegen 0.24/turn    (no ring)
MPRegen 0.12/turn    (no ring)
                     (no ring)

%: no passive effects
@: grasped by roots, glowing, constricted
A: almost no armour, amphibious, 8 rings, camouflage 1, gelatinous body 1,
(nimble swimmer 1), tentacles
a: no special abilities


You were on level 4 of the Dungeon.
You visited 1 branch of the dungeon, and saw 4 of its levels.

You collected 209 gold pieces.

Inventory:

Hand Weapons
 j - a +4 dagger (weapon)
Missiles
 k - 3 darts of dispersal
Armour
 g - an orb of light (worn)
Scrolls
 b - a scroll of vulnerability
 c - a scroll of poison {unknown}
 f - a scroll of teleportation
 h - a scroll of noise
Potions
 a - a potion of magic
 d - 3 potions of curing
 e - 2 potions of mutation
 i - a potion of degeneration {unknown}


   Skills:
 - Level 2.0 Dodging
 - Level 2.6 Stealth
 * Level 4.6 Spellcasting
 - Level 1.0 Transmutations
 - Level 3.0 Earth Magic


You had 6 spell levels left.
You knew the following spells:

 Your Spells              Type           Power      Damage    Failure   Level
a - Sandblast             Erth           30%        2d9       3%          1
b - Stone Arrow           Conj/Erth      20%        3d8       22%         3
c - Blink                 Tloc           8%         N/A       21%         2

Your spell library contained the following spells:

 Spells                   Type           Power      Damage    Failure   Level
 Passwall                 Tmut/Erth      10%        N/A       9%          2
 Sting                    Tmut/Pois      24%        1d4       11%         1
 Kiss of Death            Conj/Necr      16%        2d6       13%         1
 Lesser Beckoning         Tloc           8%         N/A       21%         2
 Momentum Strike          Conj/Tloc      8%         3d8       21%         2
 Poisonous Vapours        Pois/Air       8%         N/A       21%         2
 Confusing Touch          Hex            4%         N/A       36%         3
 Petrify                  Tmut/Erth      12%        N/A       50%         4
 Brom's Barrelling Bould  Conj/Erth      10%        2d3       56%         4
 Dispel Undead            Necr           4%         3d7       78%         4
 Olgreb's Toxic Radiance  Pois           4%         N/A       78%         4
 Conjure Ball Lightning   Conj/Air       2%         3x3d6     100%        6
 Discord                  Hex            2%         N/A       100%        8
 Disjunction              Tloc           2%         N/A       100%        8


Dungeon Overview and Level Annotations

Branches:
Dungeon (4/15)
 Temple: D:4-7

Altars:
Gozag

Annotations:
D:3 3 runed translucent doors, Dynojp's ghost, amateur MfGl
D:4 Ijyb


Innate Abilities, Weirdness & Mutations

You cannot wear most types of armour.
You are amphibious.
You can wear up to eight rings at the same time.
Your skin changes colour to match your surroundings (Stealth+).
Your rubbery body absorbs attacks. (AC +1, EV +1)
((You are camouflaged when in or above water. (Stealth+)))
You have tentacles for arms and can constrict up to eight enemies at once.


Message History

Ijyb screams, "Me kill you!"
Ijyb zaps a wand.
The roots erupt in riotous growth!
The jackal is unaffected.
The grasping roots grab you! The grasping roots constrict you.
You escape the roots grasp.
The jackal attacks as it pursues you! The jackal bites you.
Ijyb zaps a wand.
The roots erupt in riotous growth!
The jackal is unaffected.
The grasping roots grab you! The grasping roots constrict you.
You escape the roots grasp.
The jackal bites you.
* * * LOW HITPOINT WARNING * * *
Okay, then.
The jackal attacks as it pursues you!
The jackal bites you but does no damage.
The jackal misses you. Ijyb screams, "Me kill you!"
The jackal closely misses you. The jackal attacks as it pursues you!
The jackal misses you. The jackal attacks as it pursues you!
The jackal bites you.
* * * LOW HITPOINT WARNING * * *
The jackal misses you. The jackal bites you.
* * * LOW HITPOINT WARNING * * *
The jackal attacks as it pursues you! The jackal bites you.
* * * LOW HITPOINT WARNING * * *
The jackal attacks as it pursues you! The jackal closely misses you.
The jackal bites you.
* * * LOW HITPOINT WARNING * * *
Casting: Sandblast (safe; 3% risk of failure)
Confirm with . or Enter, or press ? or * to list all spells.
Aiming: Sandblast (safe; 3% risk of failure)
Press: ? - help, Shift-Dir - straight line, f - jackal
Aim: a jackal (moderately wounded, haloed, 83% to hit)
The blast of sand hits the jackal!
You kill the jackal!
Unknown command.
Ijyb zaps a wand.
The roots erupt in riotous growth!
The grasping roots grab you! The grasping roots constrict you.
You die...

..#######g.....##
## #....###
#..### ##†# #g##
##.### ###...####
##........#
###........@#
#...........#
##..........#
###.......##
#########


You could see Ijyb.

Vanquished Creatures
  Robin (D:3)
  2 adders (D:3)
  A worm (D:3)
  A dart slug (D:1)
  4 orcs (D:3)
  5 ball pythons
  6 endoplasms
  2 giant cockroaches (D:1)
  8 hobgoblins
  6 jackals
  4 kobolds
  A quokka (D:1)
  5 bats
  A frilled lizard (D:3)
  14 goblins
  3 rats
64 creatures vanquished.

Notes
Turn   | Place    | Note
-------+----------+-------------------------------------------
     0 | D:1      | 2FriedEggs the Octopode Earth Elementalist began the quest
                  | for the Orb.
     0 | D:1      | Reached XP level 1. HP: 11/11 MP: 3/3
   138 | D:1      | Reached XP level 2. HP: 17/17 MP: 3/5
   357 | D:1      | Reached skill level 3 in Spellcasting
   658 | D:1      | Reached XP level 3. HP: 20/21 MP: 4/7
  1063 | D:2      | Learned a level 3 spell: Stone Arrow
  1190 | D:2      | Found a faded altar of an unknown god.
  1466 | D:2      | Learned a level 2 spell: Blink
  2153 | D:3      | Reached XP level 4. HP: 27/27 MP: 7/9
  2157 | D:3      | Reached skill level 4 in Spellcasting
  2224 | D:3      | Noticed Robin
  2238 | D:3      | Killed Robin
  2590 | D:3      | Found a runed translucent gate.
  2590 | D:3      | Found a runed translucent gate.
  2590 | D:3      | Found a runed translucent gate.
  2615 | D:3      | Found an opulent altar of Gozag.
  2620 | D:3      | Noticed Dynojp's ghost (amateur MfGl)
  2824 | D:4      | Noticed Ijyb
  2861 | D:4      | Constricted to death by Ijyb

Illustrated notes

Levels and vault maps discovered:
D:1:      dpeg_arrival_shelter, layout_loops_corners
D:2:      layout_loops_ring, shapermc_ecumenical_altar_mp_ritualfount
D:3:      layout_rooms, ebering_ghost_gozag, solitary_fountain, uniq_robin
D:4:      layout_cave_pods, nicolae_figureground_sparkle, uniq_ijyb

Skill      XL: |  1  2  3  4 |
---------------+-------------+-----
Spellcasting   | 3 4 |  4.6
Dodging        | |  2.0
Stealth        | |  2.6
Transmutations | |  1.0
Earth Magic    | |  3.0

Action                     |  1- 3 |  4- 6 || total
---------------------------+-------+-------++-------
  Melee: Unarmed           |     7 |     3 ||    10
         Constrict         |     4 |     3 ||     7
         Tentacles         |     4 |     3 ||     7
         Dagger            |       |     6 ||     6
   Cast: Sandblast         |    46 |    33 ||    79
         Stone Arrow       |     2 |       ||     2
    Use: Scroll            |       |     5 ||     5
 Armour: Skin              |     9 |    22 ||    31
  Dodge: Dodged            |    19 |    22 ||    41

Table legend: (Time is in decaauts)
 A = Elapsed time spent in this place.
 B = Non-inter-level travel time spent in this place.
 C = Inter-level travel time spent in this place.
 D = Time resting spent in this place.
 E = Time spent auto-exploring this place.
 F = Levels seen in this place.
 G = Mean time per level.
                   A        B        C        D        E       F      G
               +--------+--------+--------+--------+--------+-----+--------+
         Total |   2900 |   2757 |    143 |    272 |   2042 |   4 |  725.0 |
       Dungeon |   2900 |   2757 |    143 |    272 |   2042 |   4 |  725.0 |
               +--------+--------+--------+--------+--------+-----+--------+

Top non-repeatable levels by time:
     D:1: 1068 daAuts
     D:2: 1010 daAuts
     D:3: 736 daAuts
     D:4: 85 daAuts
